Map: Pillars of Gold LE

Players

Slaight

  • Race: Protoss Protoss
  • League: Platinum
  • Spawn Location: 1:00

randomhacker - Winner!

  • Race: Protoss Protoss
  • League: Diamond
  • Spawn Location: 7:00

VOD

Have the link to the VOD?

Description

Time

  • Played on: Aug. 23, 2020, 6:18 a.m.
  • Length: 6:16
Show
View Real Time Build Order
Export as new Build Order

Slaight Protoss 

Build Orders: 1 Gate Expand 

Get SALT Encoding   

  12  0:01  Probe  
  13  0:13  Probe  
  14  0:20  Pylon  
  14  0:26  Assimilator  
  14  0:29  Probe  
  15  0:41  Probe  
  16  0:48  Gateway  
  16  0:53  Probe (Chrono Boost)  
  18  1:05  Probe (Chrono Boost)  
  18  1:10  Probe (Chrono Boost)  
  19  1:20  Probe  
  20  1:43  Nexus  
  20  1:48  Cybernetics Core  
  20  1:54  Probe  
  20  1:59  Assimilator  
  21  2:06  Probe  
  22  2:15  Pylon  
  22  2:18  Probe  
  23  2:30  Adept (Chrono Boost)  
  23  2:33  Probe  
  23  2:34  Warp Gate  
  26  2:45  Probe  
  27  2:51  Adept (Chrono Boost)  
  27  2:54  Robotics Facility  
  29  3:03  Pylon  
  29  3:14  Probe x2  
  26  3:26  Probe x2  
  28  3:28  Twilight Council  
  28  3:38  Probe  
  30  3:42  Warp Prism (Chrono Boost)  
  31  3:50  Probe  
  32  4:01  Charge (Chrono Boost)  
  32  4:02  Probe  
  33  4:12  Immortal (Chrono Boost)  
  37  4:21  Gateway  
  37  4:26  Probe  
  37  4:27  Probe  
  37  4:31  Gateway  
  39  4:37  Gateway  
  39  4:45  Immortal (Chrono Boost)  
  43  4:54  Gateway  
  43  5:02  Gateway  
  43  5:03  Pylon  
  43  5:11  Pylon  
  43  5:13  Pylon  
  43  5:39  Zealot x4  
  48  5:51  Zealot  
  50  5:58  Zealot  
  49  6:04  Adept  
  49  6:05  Zealot x2  
  49  6:06  Zealot  
Show
View Real Time Build Order
Export as new Build Order

randomhacker Protoss - Winner!

Build Orders:  

Get SALT Encoding   

  12  0:00  Probe  
  13  0:17  Pylon  
  13  0:18  Probe  
  14  0:30  Probe  
  15  0:37  Gateway  
  15  0:42  Probe (Chrono Boost)  
  16  0:48  Assimilator  
  16  0:51  Probe (Chrono Boost)  
  16  0:56  Probe (Chrono Boost)  
  18  1:09  Gateway, Probe  
  19  1:16  Assimilator  
  19  1:21  Probe  
  20  1:29  Cybernetics Core  
  20  1:33  Probe  
  21  1:44  Pylon  
  21  1:46  Probe  
  21  2:03  Adept x2 (Chrono Boost)  
  25  2:11  Probe  
  26  2:23  Warp Gate, Probe  
  27  2:40  Probe  
  28  2:50  Nexus  
  28  2:51  Stalker  
  30  3:17  Stalker  
  28  3:28  Twilight Council  
  28  3:32  Stalker  
  29  3:38  Probe  
  30  3:50  Probe  
  30  3:51  Pylon  
  30  3:52  Gateway  
  31  4:05  Charge (Chrono Boost)  
  31  4:06  Probe x2  
  33  4:12  Stalker x2  
  37  4:18  Probe (Chrono Boost)  
  37  4:23  Probe (Chrono Boost)  
  39  4:28  Probe (Chrono Boost)  
  41  4:32  Probe (Chrono Boost)  
  41  4:33  Probe (Chrono Boost)  
  42  4:42  Probe  
  42  4:45  Robotics Facility, Probe  
  44  4:46  Stalker  
  46  4:53  Adept  
  46  4:54  Probe  
  46  4:59  Adept  
  51  5:09  Pylon  
  51  5:11  Probe  
  51  5:13  Zealot  
  54  5:18  Shield Battery  
  54  5:23  Forge  
  54  5:27  Probe  
  55  5:29  Pylon  
  55  5:33  Observer (Chrono Boost)  
  60  6:11  Zealot x3  
Tags
 
Add a new tag
Caveats
  • Supply blocks, unpowered buildings, or Contaminate may cause inaccurate times.
  • Supply counts are checked every 10 seconds.